 Dungeon Crawl Stone Soup version 0.30-a0-718-geaa24f58ff (webtiles) character file.

Game seed: 136260520791652394

2301 ragingrage the Skirmisher (level 9, 0/79 (90) HPs)
             Began as a Green Draconian Hunter on Jan 25, 2023.
             Was a Follower of Hepliaklqana.
             Slain by a wight
             ... wielding a +1 hand axe of freezing
              (4 damage)
             ... on level 6 of the Dungeon.
             The game lasted 00:06:45 (6912 turns).

ragingrage the Skirmisher (Green Draconian Hunter)  Turns: 6912, Time: 00:06:45

HP:   0/79 (90)     AC: 24    Str: 13    XL:     9   Next: 17%
MP:   9/9           EV:  2    Int:  9    God:    Hepliaklqana [*.....]
Gold: 41            SH:  0    Dex: 20    Spells: 2/8 levels left

rFire   + . .      SeeInvis .    (no weapon)
rCold   . . .      Faith    .    (no shield)
rNeg    . . .      Spirit   .    (body armour unavailable)
rPois   +          Reflect  .    (helmet currently unavailable)
rElec   .          Harm     .    (cloak currently unavailable)
rCorr   .          Rampage  .    (gloves currently unavailable)
Will    .....      NoTele   +    (boots currently unavailable)
Stlth   +++                      (no amulet)
HPRegen 0.33/turn                p - ring of wizardry
MPRegen 0.11/turn                s - ring of protection from fire

@: tree-form, heavily drained
A: stationary, stasis, torment immunity, boosted hp, reduced essence, (breathe
noxious fumes), AC +7, unfitting armour, (poison resistance), (cold-blooded)
a: Renounce Religion, Recall Ancestor, Ancestor Identity


You were on level 6 of the Dungeon.
You worshipped Hepliaklqana.
Hepliaklqana was aware of your devotion.
You were a tree.
You visited 2 branches of the dungeon, and saw 7 of its levels.

You collected 281 gold pieces.
You spent 240 gold pieces at shops.

Inventory:

Hand Weapons
 a - a +0 shortbow
 f - a +3 dagger of flaming
Missiles
 o - 4 silver javelins
 t - 17 poisoned darts
Armour
 j - an orb of mayhem
Jewellery
 i - a ring of fire
 p - a ring of wizardry (left branch)
 s - a ring of protection from fire (right branch)
 y - a ring of resist corrosion
 A - a ring of positive energy
Scrolls
 b - 2 scrolls of immolation
 c - a scroll of blinking {unknown}
 d - 2 scrolls of amnesia {unknown}
 e - 2 scrolls of fear {unknown}
 k - a scroll of enchant weapon {unknown}
 l - a scroll of noise {unknown}
 m - a scroll of poison {unknown}
 n - 3 scrolls of vulnerability
 q - a scroll of enchant armour {unknown}
 r - 3 scrolls of identify
 u - 2 scrolls of magic mapping {unknown}
 w - a scroll of teleportation {unknown}
Potions
 g - a potion of lignification
 h - 3 potions of cancellation
 v - a potion of haste
 x - 2 potions of curing
 z - 2 potions of brilliance
 B - 2 potions of flight {unknown}
 C - 2 potions of might


   Skills:
 - Level 2.1 Fighting
 + Level 11.0 Ranged Weapons
 - Level 1.7 Dodging
 - Level 4.0 Stealth
 + Level 1.4 Air Magic
 + Level 1.7 Poison Magic


You had 2 spell levels left.
You knew the following spells:

 Your Spells              Type           Power      Damage    Failure   Level
a - Poisonous Vapours     Pois/Air       4%         N/A       13%         2
b - Olgreb's Toxic Radia  Pois           3%         N/A       58%         4

Your spell library contained the following spells:

 Spells                   Type           Power      Damage    Failure   Level
 Sting                    Tmut/Pois      4%         1d3       12%         1
 Gell's Gravitas          Tloc           0%         N/A       43%         3
 Teleport Other           Tloc           0%         N/A       43%         3
 Dispersal                Tloc           0%         N/A       100%        6


Dungeon Overview and Level Annotations

Branches:
Dungeon (6/15)             Temple (1/1) D:5

Altars:
Cheibriados
Dithmenos
Elyvilon
Fedhas
Gozag
Hepliaklqana
Kikubaaqudgha
Makhleb
Nemelex Xobeh
Okawaru
Qazlal
Sif Muna
Trog
Vehumet
Wu Jian
Yredelemnul
Zin
The Shining One

Shops:
D:1 :


Innate Abilities, Weirdness & Mutations

You are a tree.
Your roots penetrate the ground, keeping you stationary.
You cannot be teleported.
You are immune to unholy pain and torment.
Your maximum health is greatly increased.
Your equipment is partially melded.
Your life essence is reduced to manifest your ancestor. (-10% HP)
((You can breathe blasts of noxious fumes.))
((Your lurid green scales are hard. (AC +7)))
You cannot fit into any form of body armour.
((Your system is resistant to poisons. (rPois)))
((You are cold-blooded and may be slowed by cold attacks.))


Message History

The wight hits you with a +1 hand axe of freezing.
You feel drained.
You feel as though you will be slow longer.
The wight freezes you. The wight barely misses you.
Fire: a) +0 shortbow
Press: ? - help, Q - select action, (/) - cycle Shift-Dir - straight line, f/p - wight
Aim: a wight, wielding a +1 hand axe of freezing and wearing a +0 robe (lightly damaged, 68% to hit)
You shoot an arrow. The arrow barely misses the wight.
The wight closely misses you. The wight hits you but does no damage.
Really quaff the potion of lignification?
You turn into a tree.
Your roots penetrate the ground.
You feel yourself speed up.
The wight hits you with a +1 hand axe of freezing!
The wight freezes you.
You are now empty-handed.
You hit the wight.
The wight is lightly damaged.
The wight hits you but does no damage.
You hit the wight but do no damage.
The wight is lightly damaged.
The wight hits you but does no damage.
You hit the wight.
The wight is moderately damaged.
The wight hits you with a +1 hand axe of freezing.
The wight freezes you.
You hit the wight but do no damage.
The wight is moderately damaged.
The wight hits you with a +1 hand axe of freezing!
* * * LOW HITPOINT WARNING * * *
You feel drained.
* * * LOW HITPOINT WARNING * * *
The wight freezes you.
* * * LOW HITPOINT WARNING * * *
You hit the wight.
The wight is moderately damaged.
The wight hits you with a +1 hand axe of freezing!
* * * LOW HITPOINT WARNING * * *
You feel drained.
You die...

..<...
..>..
.... ..z
.. ##)
#.#
#)######
##....
####.


You could see a wight.

Vanquished Creatures
  A steam dragon (D:5)
  Menkaure (D:4)
  Edmund (D:4)
  2 water moccasins
  A black bear (D:6)
  3 ogres
  A centaur (D:6)
  2 phantoms
  3 necrophages
  2 scorpions (D:5)
  2 wights (D:6)
  2 howler monkeys
  A jelly (D:4)
  3 orc priests
  3 hounds
  Terence (D:2)
  6 iguanas
  Natasha (thrice) (D:4 D:3)
  2 orc wizards
  3 gnolls (D:2)
  4 adders
  2 ufetubi
  2 worms (D:3)
  3 dart slugs
  12 orcs
  4 ball pythons
  8 endoplasms
  2 giant cockroaches (D:3)
  6 goblins
  9 hobgoblins
  2 quokkas (D:3)
  5 bats
  A frilled lizard (D:1)
  7 kobolds
  4 rats
114 creatures vanquished.

Vanquished Creatures (others)
  An ancestor (D:6)
1 creature vanquished.

Grand Total: 115 creatures vanquished

Notes
Turn   | Place    | Note
-------+----------+-------------------------------------------
     0 | D:1      | ragingrage the Draconian Hunter began the quest for the
                  | Orb.
     0 | D:1      | Reached XP level 1. HP: 17/17 MP: 1/1
   178 | D:1      | Reached skill level 4 in Ranged Weapons
   282 | D:1      | Reached XP level 2. HP: 24/24 MP: 2/2
   986 | D:1      | Found Nysuon's Book Boutique.
  1628 | D:2      | Reached XP level 3. HP: 29/29 MP: 3/3
  1830 | D:3      | Reached skill level 5 in Ranged Weapons
  1830 | D:3      | Reached XP level 4. HP: 36/36 MP: 4/4
  2254 | D:3      | Reached XP level 5. HP: 7/41 MP: 5/5
  2255 | D:3      | HP: 2/41 [orc/+0 club (5)]
  2840 | D:4      | Reached skill level 6 in Ranged Weapons
  2990 | D:4      | Noticed Menkaure
  3001 | D:5      | Entered Level 5 of the Dungeon
  3005 | D:5      | Reached XP level 6. HP: 12/48 MP: 6/6
  3253 | D:4      | Killed Menkaure
  3254 | D:4      | Reached skill level 7 in Ranged Weapons
  3623 | D:4      | Noticed Natasha
  3633 | D:4      | Killed Natasha
  3706 | D:4      | Noticed Natasha
  3712 | D:4      | Killed Natasha
  3713 | D:4      | Your scales start taking on a lurid green colour.
  3713 | D:4      | Reached XP level 7. HP: 55/55 MP: 7/7
  3713 | D:4      | Gained mutation: Your system is resistant to poisons.
                  | (rPois) [Green Draconian growth]
  3864 | D:4      | Noticed Edmund
  3897 | D:4      | Noticed Natasha
  3919 | D:3      | Reached skill level 8 in Ranged Weapons
  3919 | D:3      | Reached skill level 1 in Stealth
  4117 | D:3      | Killed Natasha
  4281 | D:4      | Killed Edmund
  4638 | D:5      | Found a radiant altar of Vehumet.
  4708 | D:5      | Found a staircase to the Ecumenical Temple.
  4809 | Temple   | Entered the Ecumenical Temple
  4952 | Temple   | Became a worshipper of Hepliaklqana the Forgotten
  5050 | D:5      | Reached XP level 8. HP: 40/61 MP: 8/8
  5207 | D:5      | Reached skill level 9 in Ranged Weapons
  5389 | D:5      | Reached skill level 10 in Ranged Weapons
  6154 | D:6      | Reached XP level 9. HP: 67/67 MP: 9/9
  6292 | D:1      | Bought a Young Poisoner's Handbook for 240 gold pieces
  6295 | D:1      | Learned a level 2 spell: Poisonous Vapours
  6300 | D:1      | Learned a level 4 spell: Olgreb's Toxic Radiance
  6531 | D:2      | Reached * piety under Hepliaklqana
  6655 | D:2      | Noticed Terence
  6662 | D:2      | Killed Terence
  6878 | D:6      | Reached skill level 11 in Ranged Weapons
  6878 | D:6      | Reached skill level 1 in Air Magic
  6878 | D:6      | Reached skill level 1 in Poison Magic
  6912 | D:6      | HP: 4/82 [wight/+1 hand axe of freezing (8)]
  6912 | D:6      | Slain by a wight

Illustrated notes

Levels and vault maps discovered:
D:1:      lemuel_arrival_rhombus, layout_basic, serial_shops,
          nicolae_shop_statue_plus, serial_corexii_hall,
          chequers_hall_statues_y, chequers_hall_statues_corner_a,
          corexii_hall_statues_deadend, chequers_hall_statues_wall_a,
          hex_intersection, minmay_close_crescents
D:2:      layout_loops_corners, uniq_terence
D:3:      layout_basic
D:4:      layout_basic, uniq_menkaure, uniq_natasha, uniq_edmund
D:5:      layout_basic, general_overflow_altar,
          minmay_temple_entry_drinking_statues, kennysheep_generic_room_16
D:6:      layout_cave_pods, item_on_display_a
Temple:   nicolae_temple_slightly_damp_pantheon

Skill      XL: |  1  2  3  4  5  6  7  8  9 |
---------------+----------------------------+-----
Ranged Weapons | 4 5 6 7 8 10 11 | 11.0
Stealth        | 3 4 |  4.0
Air Magic      | 1 |  1.4
Poison Magic   | 1 |  1.7
Fighting       | |  2.1
Dodging        | |  1.7

Action                     |  1- 3 |  4- 6 |  7- 9 || total
---------------------------+-------+-------+-------++-------
  Melee: Unarmed           |       |     4 |     5 ||     9
         Dagger            |       |       |     1 ||     1
   Fire: Shortbow          |    55 |   159 |   285 ||   499
 Invoke: Recall Ancestor   |       |       |     1 ||     1
Ability: Breathe Noxious F |       |       |    16 ||    16
    Use: Potion            |       |     5 |     1 ||     6
         Scroll            |       |       |     3 ||     3
 Armour: Skin              |       |    27 |    28 ||    55
  Dodge: Dodged            |     1 |    45 |    68 ||   114

Table legend: (Time is in decaauts)
 A = Elapsed time spent in this place.
 B = Non-inter-level travel time spent in this place.
 C = Inter-level travel time spent in this place.
 D = Time resting spent in this place.
 E = Time spent auto-exploring this place.
 F = Levels seen in this place.
 G = Mean time per level.
                   A        B        C        D        E       F      G
               +--------+--------+--------+--------+--------+-----+--------+
         Total |   6971 |   6398 |    573 |   1263 |   4157 |   7 |  995.9 |
       Dungeon |   6809 |   6256 |    553 |   1263 |   4040 |   6 | 1134.8 |
        Temple |    162 |    143 |     19 |      0 |    117 |   1 |  162.0 |
               +--------+--------+--------+--------+--------+-----+--------+

Top non-repeatable levels by time:
     D:3: 1473 daAuts
     D:5: 1400 daAuts
     D:4: 1239 daAuts
     D:1: 1188 daAuts
     D:2: 1032 daAuts
     D:6: 475 daAuts
  Temple: 162 daAuts
